 Dungeon Crawl Stone Soup version 0.25.1-8-g42b30a86e7 (webtiles) character file.

Game seed: 13589799786368629436

14933 Abzac the Grappler (level 12, 0/104 HPs)
             Began as a Ghoul Monk on Dec 20, 2020.
             Was an Elder of Wu Jian.
             Slain by a two-headed ogre
             ... wielding a +0 dire flail
              (10 damage)
             ... while petrified by a basilisk
             ... on level 12 of the Dungeon.
             The game lasted 00:46:24 (18569 turns).

Abzac the Grappler (Ghoul Monk)                    Turns: 18569, Time: 00:46:24

Health: 0/104      AC: 13    Str: 20    XL:     12   Next: 21%
Magic:  15/15      EV:  2    Int:  5    God:    Wu Jian [****..]
Gold:   650        SH:  0    Dex: 11    Spells: 11/11 levels left

rFire    . . .     SeeInvis .     - Unarmed
rCold    + + .     Gourm    .   (no shield)
rNeg     + + +     Faith    +   v - +4 scale mail {rC+}
rPois    ∞         Spirit   .   (no helmet)
rElec    .         Reflect  .   (no cloak)
rCorr    .         Harm     .   p - +0 pair of gloves
MR       +....                  (no boots)
Stlth    ..........             C - amulet of faith
HPRegen  0.00/turn              o - ring of protection from magic
MPRegen  0.14/turn              I - ring of flight

@: exhausted, petrified, rotting
A: rotting body, claws 1, carnivore, cold resistance 1, negative energy
resistance 3, inhibited regeneration, torment resistance, unbreathing
a: Wall Jump, Serpent's Lash, Renounce Religion, Evoke Flight


You were on level 12 of the Dungeon.
You worshipped Wu Jian.
Wu Jian was greatly pleased with you.
You were not hungry.

You visited 4 branches of the dungeon, and saw 16 of its levels.
You also visited: Ossuary.

You collected 674 gold pieces.
You spent 24 gold pieces at shops.

Inventory:

Hand Weapons
 r - a +0 dagger
Armour
 a - a +0 robe
 i - a +0 ring mail
 n - a +0 plate armour
 p - a +0 pair of gloves (worn)
 q - a +0 scale mail
 v - a +4 scale mail of cold resistance (worn)
Jewellery
 o - a ring of protection from magic (left hand)
 C - an amulet of faith (around neck)
 D - an uncursed ring of positive energy
 I - a ring of flight (right hand)
 J - an uncursed ring of poison resistance {unknown}
 K - an uncursed amulet of magic regeneration {unknown}
 L - an uncursed ring of protection from cold
Wands
 c - a wand of digging (6)
 y - a wand of clouds (6)
 G - a wand of flame (16)
 O - a wand of iceblast (6)
 P - a wand of paralysis (3)
Scrolls
 d - 9 scrolls of remove curse
 e - 3 scrolls of immolation {unknown}
 f - 3 scrolls of fear {unknown}
 j - a scroll of enchant armour {unknown}
 s - 4 scrolls of random uselessness {unknown}
 u - 4 scrolls of enchant weapon {unknown}
 x - 4 scrolls of teleportation
 A - a scroll of fog {unknown}
 B - 7 scrolls of identify
 H - a scroll of amnesia {unknown}
Potions
 g - 3 potions of mutation {unknown}
 h - 6 potions of curing
 k - 3 potions of degeneration
 l - 5 potions of flight
 m - 2 potions of cancellation {unknown}
 t - 2 potions of haste {unknown}
 w - 3 potions of ambrosia
 z - a potion of resistance {unknown}
 E - 2 potions of berserk rage {unknown}
 F - 2 potions of brilliance {unknown}
 M - a potion of magic {unknown}
Comestibles
 b - 22 rations
 N - 5 chunks of flesh


   Skills:
 + Level 9.1 Fighting
 + Level 9.4 Armour
 - Level 2.6 Dodging
 - Level 2.1 Stealth
 + Level 14.2 Unarmed Combat
 + Level 6.0 Evocations


You had 11 spell levels left.
You didn't know any spells.
Your spell library contained the following spells:

 Spells                   Type           Power        Failure   Level  Hunger
 Animate Skeleton         Necr           N/A          78%         1    ##.....
 Apportation              Tloc           #.....       78%         1    ##.....
 Corona                   Hex            #......      78%         1    ##.....
 Magic Dart               Conj           #...         78%         1    ##.....
 Summon Small Mammal      Summ           #...         78%         1    ##.....
 Blink                    Tloc           N/A          89%         2    ###....
 Call Imp                 Summ           #.......     89%         2    ###....
 Slow                     Hex            #.......     89%         2    ###....
 Conjure Flame            Conj/Fire      #.......     98%         3    ####...
 Inner Flame              Hex/Fire       #.......     98%         3    ####...
 Mephitic Cloud           Conj/Pois/Air  #.......     98%         3    ####...
 Portal Projectile        Hex/Tloc       #.....       98%         3    ####...
 Cause Fear               Hex            #.........   100%        4    #####..
 Leda's Liquefaction      Hex/Erth       #.........   100%        4    #####..


Dungeon Overview and Level Annotations

Branches:
Dungeon (12/15)            Temple (1/1) D:5            Lair (1/6) D:11
    Orc (2/2) D:10        Ossuary (visited)
    Elf: Orc:2

Altars:
Dithmenos
Fedhas
Kikubaaqudgha
Sif Muna
Trog
Vehumet
Wu Jian
Zin

Shops:
D:10 ?   D:11 !?


Innate Abilities, Weirdness & Mutations

Your body is rotting away.
You thrive on raw meat.
You are immune to poison.
You have sharp fingernails.
You are carnivorous and can eat meat at any time.
Your flesh is cold resistant. (rC+)
You are immune to negative energy. (rN+++)
You do not regenerate when monsters are visible.
You are immune to unholy pain and torment.
You can survive without breathing.


Message History

The basilisk gazes at you.
You are slowing down.
Your limbs are stiffening.
The two-headed ogre hits you with a +0 dire flail.
The two-headed ogre hits you with a +0 giant club!
* * * LOW HITPOINT WARNING * * *
You have turned to stone.
The two-headed ogre hits you with a +0 dire flail!
* * * LOW HITPOINT WARNING * * *
The two-headed ogre hits you with a +0 giant club.
* * * LOW HITPOINT WARNING * * *
The basilisk bites you but does no damage.
The two-headed ogre hits you with a +0 dire flail!
* * * LOW HITPOINT WARNING * * *
The two-headed ogre hits you with a +0 giant club.
The basilisk gazes at you. You resist with almost no effort.
The two-headed ogre hits you but does no damage.
The two-headed ogre hits you with a +0 giant club!!
You die...

..(......#.# ####...#
+###.....#.# #......#
.........#.###.#..#.#
+####....#........#.#
#....#..........#
#####+##.......#.......>
...............#........
###.....l#.....#.....#..
.......@O...............
########################


You could see a two-headed ogre and a basilisk.

Vanquished Creatures
  Harold (D:9)
  Erolcha (D:9)
  Erica (D:8)
  Sonja (D:10)
  Pikel (D:7)
  Maggie (D:7)
  A spiny frog (Lair:1)
  A troll (Orc:1)
  A hippogriff (Lair:1)
  Prince Ribbit (D:7)
  A shadow (D:12)
  2 wyverns (D:9)
  19 yaks
  2 hungry ghosts
  Menkaure (D:7)
  2 soldier ants
  2 porcupines (Lair:1)
  4 orc warriors
  A sky beast (D:7)
  8 ogres
  A black bear (D:10)
  4 ice beasts
  3 necrophages
  3 phantoms
  6 centaurs
  4 big kobolds
  4 crocodiles
  2 elf zombies (Ossuary)
  5 bullfrogs
  A wyvern skeleton (D:11)
  2 scorpions
  10 killer bees
  9 wights
  6 howler monkeys
  4 crimson imps
  2 bullfrog zombies
  A quasit (D:6)
  6 jellies
  4 hounds
  2 bullfrog skeletons
  6 orc priests
  3 human zombies (Ossuary)
  4 iguanas
  12 orc wizards
  A centaur skeleton (D:10)
  10 worker ants
  2 big kobold zombies (Ossuary)
  A hound skeleton (D:6)
  2 mummies (Ossuary)
  2 worker ant zombies
  7 gnolls
  13 adders
  4 shadow imps
  3 oozes (D:3)
  7 worms
  5 leopard geckos
  48 orcs
  3 bats
  8 giant cockroaches
  13 goblins
  6 hobgoblins
  13 jackals
  21 kobolds
  5 quokkas
  2 ball pythons (D:1)
  6 frilled lizards
  A goblin zombie (Ossuary)
  12 hobgoblin zombies (Ossuary)
  7 kobold zombies (Ossuary)
  9 orc zombies (Ossuary)
  A quokka skeleton (D:9)
  2 quokka zombies (D:8)
  12 rats
  A plant (D:11)
383 creatures vanquished.

Vanquished Creatures (others)
  3 slaves (D:7)
  A worker ant (D:7)
  A quokka (D:7)
  A plant (D:11)
6 creatures vanquished.

Grand Total: 389 creatures vanquished

Notes
Turn   | Place    | Note
-------+----------+-------------------------------------------
     0 | D:1      | Abzac the Ghoul Monk began the quest for the Orb.
     0 | D:1      | Reached XP level 1. HP: 19/19 MP: 0/0
   140 | D:1      | Reached XP level 2. HP: 25/26 MP: 1/1
   709 | D:2      | Reached skill level 4 in Unarmed Combat
   709 | D:2      | Reached XP level 3. HP: 16/33 MP: 2/2
  1435 | D:2      | Reached XP level 4. HP: 36/41 MP: 3/3
  1496 | D:2      | Found a glowing silver altar of Zin.
  1939 | D:3      | Reached XP level 5. HP: 37/47 MP: 4/4
  2038 | D:3      | Reached skill level 5 in Fighting
  2038 | D:3      | Reached skill level 5 in Unarmed Combat
  3105 | D:4      | Noticed an ogre
  3128 | D:3      | Reached XP level 6. HP: 48/56 MP: 5/5
  3426 | D:2      | Reached skill level 1 in Armour
  4241 | D:4      | Reached skill level 6 in Unarmed Combat
  4241 | D:4      | Reached XP level 7. HP: 40/62 MP: 6/6
  4636 | D:5      | Entered Level 5 of the Dungeon
  5649 | D:5      | Found a staircase to the Ecumenical Temple.
  5656 | Temple   | Entered the Ecumenical Temple
  5839 | Temple   | Became a worshipper of the Wu Jian Council
  5839 | Temple   | Reached * piety under Wu Jian
  5839 | Temple   | Reached ** piety under Wu Jian
  5858 | D:5      | Reached XP level 8. HP: 64/71 MP: 7/7
  6016 | D:5      | Reached skill level 7 in Unarmed Combat
  6924 | D:6      | Reached skill level 8 in Unarmed Combat
  7465 | D:7      | Reached skill level 5 in Armour
  7465 | D:7      | Reached XP level 9. HP: 46/80 MP: 8/8
  7572 | D:7      | Noticed Maggie
  7605 | D:7      | Killed Maggie
  7983 | D:7      | Noticed Pikel
  8033 | D:7      | Killed Pikel
  8033 | D:7      | Reached skill level 9 in Unarmed Combat
  8934 | D:7      | Noticed Prince Ribbit
  9151 | D:7      | Noticed Menkaure
  9154 | D:7      | Killed Menkaure
  9154 | D:7      | Reached skill level 10 in Unarmed Combat
  9243 | D:7      | Killed Prince Ribbit
  9243 | D:7      | Reached XP level 10. HP: 70/89 MP: 9/9
  9516 | D:8      | Found a sand-covered staircase.
  9531 | Ossuary  | Entered an ossuary
  9539 | Ossuary  | Reached *** piety under Wu Jian
  9674 | Ossuary  | Reached skill level 11 in Unarmed Combat
  9779 | Ossuary  | Reached skill level 1 in Evocations
  9780 | Ossuary  | Reached **** piety under Wu Jian
 10878 | D:8      | Noticed Erica
 10910 | D:8      | HP: 4/91 [something (2)]
 11277 | D:8      | Found a bloodstained altar of Trog.
 11499 | D:8      | Killed Erica
 11927 | D:9      | Reached skill level 5 in Evocations
 12408 | D:9      | Noticed Erolcha
 12486 | D:9      | Killed Erolcha
 12486 | D:9      | Reached skill level 12 in Unarmed Combat
 12486 | D:9      | Reached XP level 11. HP: 90/97 MP: 14/14
 12556 | D:9      | Found a shimmering blue altar of Sif Muna.
 12975 | D:9      | Reached ***** piety under Wu Jian
 13621 | D:9      | Noticed Harold
 13649 | D:9      | Killed Harold
 14027 | D:10     | Entered Level 10 of the Dungeon
 14323 | D:10     | Found a staircase to the Orcish Mines.
 14385 | Orc:1    | Entered Level 1 of the Orcish Mines
 14644 | Orc:1    | Noticed Sonja
 14872 | D:10     | Killed Sonja
 14872 | D:10     | Reached skill level 13 in Unarmed Combat
 14902 | Orc:2    | Entered Level 2 of the Orcish Mines
 14902 | Orc:2    | Noticed an orc knight
 15396 | D:10     | Found Ceojedid's Magic Scroll Shop.
 15417 | D:10     | Bought a scroll of identify for 24 gold pieces
 16180 | D:11     | Found a staircase to the Lair.
 16193 | Lair:1   | Entered Level 1 of the Lair of Beasts
 17004 | Lair:1   | Reached XP level 12. HP: 69/104 MP: 15/15
 17603 | D:11     | Reached skill level 14 in Unarmed Combat
 17727 | D:11     | Found Alotabaf's Distillery.
 18259 | D:11     | Found Vagoab's Magic Scroll Boutique.
 18523 | D:12     | Noticed a two-headed ogre
 18569 | D:12     | Slain by a two-headed ogre

Illustrated notes

Levels and vault maps discovered:
D:1:      roderic_crossed_star, layout_loops_ring, kennysheep_boxes
D:2:      layout_rooms, nicolae_overflow_crystal_walls
D:3:      layout_loops_ring
D:4:      layout_cave_pools, first_ration, serial_rivers,
          chequers_serial_rivers_micro_d, chequers_serial_rivers_micro_b,
          chequers_serial_rivers_micro_a, chequers_serial_rivers_marsh,
          chequers_serial_rivers_room_b, chequers_serial_rivers_small_3
D:5:      cheibrodos_helix_gallery, layout_gridville,
          minmay_temple_entry_mini_moons
D:6:      layout_layer_cave
D:7:      layout_layer_cave, uniq_pikel, uniq_prince_ribbit1, uniq_maggie,
          uniq_menkaure
D:8:      layout_loops_ring, lemuel_round_altar, enter_ossuary_4, uniq_erica
D:9:      layout_layer_cave, basic_altar, enter_bailey_3, uniq_erolcha,
          uniq_harold
D:10:     layout_basic, orc_0_dummy, serial_shops, shop
D:11:     layout_basic, dpeg_oklobed_lair, serial_shops, nicolae_shop_stone,
          shop
D:12:     layout_stronghold, serial_shops, shop
Temple:   regret_index_temple_chain_breaker
Lair:1:   layout_hall_layers, minivault_24, grunt_forest_stairs_basic,
          serial_bayou_shore_b, grunt_megastairs_3, lemuel_fruit_fields
Orc:1:    layout_caves, gammafunk_ghost_stat_death, serial_shops,
          nicolae_shop_waterfront, uniq_sonja
Orc:2:    grunt_orc_tribal_feast, layout_caves, david_defended_altar_orc

Skill      XL: |  1  2  3  4  5  6  7  8  9 10 11 12 |
---------------+-------------------------------------+-----
Fighting       | 4 5 6 8 9 |  9.1
Unarmed Combat | 4 5 6 8 10 12 13 14 | 14.2
Armour         | 2 3 5 6 9 |  9.4
Evocations     | 6 |  6.0
Dodging        | |  2.6
Stealth        | |  2.1

Action                   |  1- 3 |  4- 6 |  7- 9 | 10-12 || total
-------------------------+-------+-------+-------+-------++-------
Melee: Unarmed           |    84 |   249 |   422 |   885 ||  1640
       Punch             |       |     3 |     8 |    48 ||    59
       Dagger            |       |       |     7 |       ||     7
Invok: Whirlwind         |       |       |    26 |    52 ||    78
       Lunge             |       |       |    15 |    62 ||    77
       Serpent's Lash    |       |       |       |     5 ||     5
       Heavenly Storm    |       |       |       |     2 ||     2
 Abil: Wall Jump         |       |       |     7 |     5 ||    12
  Use: Scroll            |       |     4 |     5 |     3 ||    12
       Potion            |       |       |     2 |     7 ||     9
 Stab: Sleeping          |     1 |     5 |       |       ||     6
  Eat: Chunk             |     5 |     8 |    27 |    37 ||    77
       Ration            |       |       |     1 |     4 ||     5
Armor: Robe              |     8 |    19 |       |       ||    27
       Scale mail        |       |    40 |   167 |   277 ||   484
Dodge: Dodged            |    52 |   143 |   231 |   361 ||   787
